 Dungeon Crawl Stone Soup version 0.30-a0-793-g160f7cfddd (webtiles) character file.

Game seed: 16275172027106910413

44 domi the Chopper (level 3, 0/31 HPs)
             Began as a Hill Orc Monk on Feb 19, 2023.
             Slain by a kobold
             ... wielding a +0 club
              (2 damage)
             ... on level 2 of the Dungeon.
             The game lasted 00:01:45 (666 turns).

domi the Chopper (Hill Orc Monk)                     Turns: 666, Time: 00:01:46

Health: 0/31       AC:  5    Str: 13    XL:     3   Next: 60%
Magic:  3/3        EV: 11    Int: 12    God:
Gold:   23         SH:  0    Dex: 13    Spells: 2/2 levels left

rFire   . . .      SeeInvis .    a - +0 hand axe
rCold   . . .      Faith    .    (no shield)
rNeg    . . .      Spirit   .    f - +0 ring mail
rPois   .          Reflect  .    (no helmet)
rElec   .          Harm     .    (no cloak)
rCorr   .          Rampage  .    (no gloves)
Will    .....                    (no boots) Stlth
                                 (no amulet)
HPRegen 0.25/turn                (no ring)
MPRegen 0.08/turn                (no ring)

@: confused, lethally poisoned (0 -> -4), ambrosia-drunk
A: no striking features
a: no special abilities


You were on level 2 of the Dungeon.
You visited 1 branch of the dungeon, and saw 2 of its levels.

You collected 23 gold pieces.

Inventory:

Hand Weapons
 a - a +0 hand axe (weapon)
Armour
 b - a +0 robe
 f - a +0 ring mail (worn)
   (You found it on level 1 of the Dungeon)
Scrolls
 g - a scroll of fear {unknown}
 h - a scroll of teleportation {unknown}
 i - a scroll of noise {unknown}
 j - a scroll of brand weapon {unknown}
 k - a scroll of summoning {unknown}
Potions
 d - a potion of attraction {unknown}
 e - a potion of invisibility {unknown}


   Skills:
 - Level 3.6 Fighting
 + Level 4.8 Axes
 + Level 1.4 Armour
 + Level 3.0 Dodging
 - Level 1.5 Stealth


You had 2 spell levels left.
You didn't know any spells.
Your spell library was empty.

Dungeon Overview and Level Annotations

Branches:
Dungeon (2/15)

Altars:

Annotations:
D:2 Sigmund


Message History

You climb downwards.
Level annotation: Robin, Sigmund The goblin shouts!
There is a stone staircase leading up here.
A goblin is nearby!
A goblin is nearby!
The goblin hits you but does no damage.
You hit the goblin.
You kill the goblin!
Your Armour skill increases to level 1!
No target in view!
No target in view!
You see here a +0 club.
A giant cockroach comes into view.
You see here a +0 club.
A giant cockroach is nearby!
A giant cockroach is nearby!
The giant cockroach bites you but does no damage.
You closely miss the giant cockroach.
The giant cockroach bites you but does no damage.
The giant cockroach closely misses you.
You hit the giant cockroach. The giant cockroach bites you.
You hit the giant cockroach. The giant cockroach barely misses you.
You hit the giant cockroach.
You kill the giant cockroach!
Robin is nearby!
A kobold comes into view. It is wielding a +0 club.
The goblin shouts! x2
You hit Robin. Robin misses you.
The goblin shouts! x2
You hit Robin.
You hear an angry hiss.
Robin roars a battlecry!
The goblins go into a battle-frenzy!
You closely miss Robin. Robin hits you but does no damage.
You barely miss Robin. You punch Robin. Robin throws the goblin at you!
The goblin closely misses you.
You hit Robin. You hit the goblin.
Robin roars a battlecry!
The goblins go into a battle-frenzy!
The goblin hits you with a +0 dagger.
You hit Robin. You completely miss the goblin. The goblin closely misses you.
Robin misses you.
You hit Robin. You hit the goblin but do no damage. x2
Robin throws the goblin at you! The goblin hits you but does no damage.
The adder completely misses you.
You hit Robin. You hit the goblin.
You kill the goblin!
You barely miss the goblin. You hit the adder. You hit the goblin.
The goblin closely misses you. Robin throws the goblin at you!
The adder misses you.
You completely miss Robin. You hit the adder. You hit the goblin.
You closely miss the goblin. You hit the goblin.
You kill the goblin!
The adder barely misses you. The goblin hits you with a +0 dagger.
The goblin barely misses you. Robin hits you with a +0 club.
The adder bites you.
You closely miss Robin. You hit the goblin but do no damage.
You closely miss the goblin. You hit the adder. You hit the goblin.
You kill the goblin!
The goblin hits you but does no damage. Robin throws the goblin at you!
The adder bites you.
You are too injured to fight recklessly!
You are too injured to fight recklessly!
You are too injured to fight recklessly!
You are too injured to fight recklessly!
Unknown command.
You hit Robin.
You kill Robin!
You barely miss the adder. You miss the goblin. You closely miss the goblin.
The adder misses you. The goblin hits you with a +0 club.
The goblin misses you. The adder bites you.
Your Dodging skill increases to level 3!
You barely miss the kobold. You hit the goblin. You hit the hobgoblin.
You closely miss the adder. You hit the goblin.
You kill the goblin!
You hit the hobgoblin but do no damage.
The hobgoblin hits you but does no damage.
The kobold hits you but does no damage. The goblin barely misses you.
The hobgoblin hits you. The adder bites you.
* * * LOW HITPOINT WARNING * * *
You are poisoned.
The adder poisons you! The hobgoblin attacks as you move away!
The hobgoblin hits you.
* * * LOW HITPOINT WARNING * * *
The goblin attacks as you move away! The goblin hits you with a +0 club.
* * * LOW HITPOINT WARNING * * *
x2 You feel sick.
Things that are here:
a +0 dagger; a goblin corpse
Okay, then.
Okay, then.
Really quaff
c - a potion of ambrosia {!q}?
You are confused.
You feel invigorated.
* * * LOW HITPOINT WARNING * * *
You feel sick. The hobgoblin hits you.
* * * LOW HITPOINT WARNING * * *
The kobold hits you with a +0 club.
You die...

#. #.###
....# #.#.#
.#####.#<#
.......#.###
#..)..#
##...#.#
#.@gg..#
##Kg.#.#
#....S...#
#.###..### #
#..# ...#
.#.# .#.#
......


You could see an adder, 2 hobgoblins, a goblin (strong) and a kobold.

Vanquished Creatures
  Robin (D:2)
  A ball python (D:1)
  6 bats (D:1)
  2 giant cockroaches
  10 goblins
  A hobgoblin (D:1)
  2 kobolds (D:1)
  2 quokkas (D:1)
  A frilled lizard (D:1)
  2 rats (D:1)
28 creatures vanquished.

Notes
Turn   | Place    | Note
-------+----------+-------------------------------------------
     0 | D:1      | domi the Hill Orc Monk began the quest for the Orb.
     0 | D:1      | Reached XP level 1. HP: 19/19 MP: 1/1
   117 | D:1      | Reached XP level 2. HP: 26/26 MP: 2/2
   506 | D:2      | Noticed Robin
   507 | D:2      | Found a faded altar of an unknown god.
   520 | D:1      | Reached XP level 3. HP: 15/31 MP: 3/3
   620 | D:2      | Noticed Sigmund
   642 | D:2      | Reached skill level 1 in Armour
   663 | D:2      | Killed Robin
   664 | D:2      | Reached skill level 3 in Dodging
   665 | D:2      | HP: 6/31 [hobgoblin[Robin] (3)]
   665 | D:2      | HP: 1/31 [poisoned by an adder]
   666 | D:2      | Slain by a kobold

Illustrated notes

Levels and vault maps discovered:
D:1:      wheals_arrival_shading, layout_rooms
D:2:      layout_loops_cross, chequers_ecumenical_altar_simple_redux,
          uniq_sigmund, uniq_robin

Skill      XL: |  1  2  3 |
---------------+----------+-----
Armour         | 1 |  1.4
Dodging        | 3 |  3.0
Fighting       | |  3.6
Axes           | |  4.8
Stealth        | |  1.5

Action                     || total
---------------------------++-------
  Melee: Hand axe          ||    87
         Punch             ||     2
    Use: Potion            ||     1
 Armour: Robe              ||    12
         Ring mail         ||    35
  Dodge: Dodged            ||    72

Table legend: (Time is in decaauts)
 A = Elapsed time spent in this place.
 B = Non-inter-level travel time spent in this place.
 C = Inter-level travel time spent in this place.
 D = Time resting spent in this place.
 E = Time spent auto-exploring this place.
 F = Levels seen in this place.
 G = Mean time per level.
                   A        B        C        D        E       F      G
               +--------+--------+--------+--------+--------+-----+--------+
         Total |    673 |    622 |     51 |     66 |    353 |   2 |  336.5 |
       Dungeon |    673 |    622 |     51 |     66 |    353 |   2 |  336.5 |
               +--------+--------+--------+--------+--------+-----+--------+

Top non-repeatable levels by time:
     D:1: 626 daAuts
     D:2: 47 daAuts

Table legend:
 A = Kills in this place as a percentage of kills in entire the game.
 B = Kills by you in this place as a percentage of kills by you in the entire game.
 C = Kills by friends in this place as a percentage of kills by friends in the entire game.
 D = Other kills in this place as a percentage of other kills in the entire game.
 E = Experience gained in this place as a percentage of experience gained in the entire game.
 F = Experience gained in this place divided by the number of levels of this place that you have seen.
                   A       B       C       D       E      F
               +-------+-------+-------+-------+-------+----------------------
         Total | 100.0 | 100.0 |   N/A |   N/A | 100.0 |  31.5
       Dungeon | 100.0 | 100.0 |   N/A |   N/A | 100.0 |  31.5
               +-------+-------+-------+-------+-------+----------------------
